Map: Ruins of Endion

Players

blackxored

  • Race: Zerg Zerg
  • League: Diamond

DrEvil - Winner!

  • Race: Zerg Zerg
  • League: Diamond

VOD

Have the link to the VOD?

Description

Time

  • Played on: July 1, 2016, 9:39 a.m.
  • Length: 13:56
Show
View Real Time Build Order
Export as new Build Order

blackxored Zerg 

Build Orders: Hatch First, Zergling Baneling 

Get SALT Encoding   

  12  0:02  Drone  
  13  0:08  Drone  
  14  0:18  Overlord  
  14  0:23  Extractor  
  14  0:24  Drone  
  15  0:41  Drone x2  
  17  0:56  Hatchery  
  16  0:58  Drone  
  16  1:00  Drone  
  18  1:16  Extractor  
  18  1:17  Spawning Pool  
  16  1:19  Drone  
  16  1:22  Drone  
  18  1:28  Drone  
  19  1:39  Overlord  
  19  1:49  Drone  
  20  2:04  Queen  
  20  2:07  Zergling x2, Queen  
  26  2:08  Zergling x2  
  26  2:16  Metabolic Boost, Zergling x2  
  26  2:20  Drone  
  28  2:23  Drone  
  28  2:29  Zergling x2  
  30  2:34  Zergling x2  
  31  2:37  Baneling Nest  
  31  2:39  Overlord  
  30  2:54  Zergling x2  
  30  2:55  Zergling x4  
  33  3:05  Hatchery  
  33  3:09  Zergling x4  
  34  3:33  Baneling x4  
  32  3:43  Zergling x16  
  40  3:50  Overlord  
  39  4:04  Baneling x4  
  32  4:24  Zergling x2  
  32  4:25  Zergling x16  
  37  4:46  Zergling x8  
  35  4:58  Baneling x6  
  35  5:06  Zergling x2  
  39  5:07  Zergling x8  
  37  5:23  Zergling x2  
  37  5:24  Zergling x6  
  40  5:34  Drone x3  
  40  5:35  Drone  
  44  5:42  Baneling x2  
  42  5:59  Baneling  
  42  6:00  Baneling x2  
  42  6:12  Zergling x18  
  48  6:30  Zergling x14  
  54  6:36  Baneling  
  54  6:37  Baneling  
  46  6:59  Spore Crawler  
  34  7:09  Spore Crawler  
  34  7:13  Zergling x4  
  34  7:14  Zergling x18  
  35  7:27  Spore Crawler  
  34  7:32  Spore Crawler  
  34  7:34  Baneling  
  34  7:36  Spore Crawler  
  32  7:40  Drone x2  
  34  7:50  Baneling x4  
  27  8:08  Zergling x12  
  29  8:21  Drone  
  29  8:22  Drone x2  
  32  8:27  Spore Crawler  
  29  8:38  Drone  
  27  8:54  Drone x2  
  27  8:55  Drone  
  28  8:57  Spore Crawler  
  28  9:02  Baneling x4  
  26  9:10  Spore Crawler  
  22  9:43  Overlord x3  
  22  9:44  Overlord  
  20  9:46  Spore Crawler  
  20  9:49  Spore Crawler  
  20  9:50  Spore Crawler  
  17  9:56  Spore Crawler  
  13  10:15  Drone x5  
  13  10:16  Drone x2  
  20  10:32  Queen  
  22  10:47  Evolution Chamber  
  21  11:15  Zerg Melee Weapons Level 1  
  21  11:17  Zergling x4  
  21  11:18  Zergling x6  
  26  11:31  Zergling x2  
  27  11:42  Overlord  
  27  11:46  Zergling x4  
  29  11:47  Zergling x2  
  30  12:13  Zergling x4  
  30  12:18  Zergling x2  
  30  12:22  Zergling x4  
  32  12:35  Zergling x2  
  32  12:56  Zergling x2, Spore Crawler  
  32  13:12  Zergling x2  
Show
View Real Time Build Order
Export as new Build Order

DrEvil Zerg - Winner!

Build Orders: Hatch First 

Get SALT Encoding   

  12  0:01  Drone  
  13  0:12  Overlord  
  13  0:20  Drone  
  14  0:31  Drone x2  
  16  0:38  Drone  
  17  0:47  Drone  
  18  0:58  Hatchery  
  18  1:00  Extractor  
  16  1:11  Spawning Pool  
  16  1:15  Drone  
  16  1:20  Drone  
  16  1:22  Drone  
  18  1:28  Drone  
  19  1:40  Overlord  
  19  1:58  Queen  
  19  1:59  Metabolic Boost  
  21  2:01  Zergling x4  
  23  2:09  Queen  
  23  2:11  Zergling x2  
  26  2:22  Drone x2  
  28  2:23  Drone  
  29  2:31  Drone  
  29  2:37  Lair, Drone  
  31  2:42  Drone  
  32  2:45  Overlord  
  32  3:02  Drone x2  
  32  3:05  Baneling Nest  
  33  3:08  Drone x4  
  33  3:09  Extractor  
  33  3:12  Overlord  
  36  3:23  Zergling x6  
  36  3:24  Zergling x2  
  40  3:31  Zergling x6  
  40  3:49  Baneling x4  
  40  3:50  Drone x4  
  40  3:51  Spine Crawler  
  40  3:53  Extractor  
  40  3:54  Extractor  
  40  4:22  Zergling x2  
  40  4:23  Zergling x20  
  40  4:45  Spire  
  36  4:47  Drone x4  
  36  4:48  Baneling x2  
  36  4:49  Baneling  
  40  5:04  Spine Crawler  
  37  5:23  Zergling x12  
  37  5:24  Zergling x2  
  38  5:29  Zergling x8  
  38  5:34  Evolution Chamber  
  35  5:59  Mutalisk x4  
  41  6:15  Zerg Flyer Weapons Level 1  
  37  6:18  Mutalisk x2  
  41  6:30  Mutalisk  
  42  6:33  Drone  
  40  6:55  Mutalisk x2  
  40  7:18  Mutalisk x2  
  44  7:23  Drone x2  
  46  7:31  Mutalisk  
  46  7:34  Drone  
  49  7:38  Drone  
  41  8:11  Drone x4  
  45  8:18  Drone  
  46  8:55  Drone x4  
  48  8:56  Drone x2  
  50  9:45  Mutalisk  
  50  9:48  Overlord x2  
  52  9:54  Overlord  
  52  10:06  Queen x2  
  52  10:16  Drone  
  52  10:17  Drone x3  
  52  10:20  Overseer  
  56  10:26  Zerg Flyer Weapons Level 2  
  56  10:36  Drone x4  
  56  10:41  Overseer  
  60  10:47  Drone x2  
  60  11:17  Drone x3  
  60  11:18  Drone x3  
  66  11:20  Drone, Hatchery  
  66  11:26  Drone  
  66  11:32  Mutalisk x2  
  69  11:37  Hatchery  
  70  11:53  Mutalisk x3  
  76  12:22  Overlord x4  
  76  12:23  Overlord x2  
  76  12:35  Infestation Pit  
  76  12:36  Overlord, Drone  
  76  12:39  Drone x4  
  76  12:43  Mutalisk  
  82  13:00  Queen  
  82  13:03  Mutalisk x7  
  98  13:26  Mutalisk x4  
  98  13:27  Mutalisk x2  
  108  13:35  Extractor  
  108  13:36  Extractor  
Tags
 
Add a new tag
Caveats
  • Supply blocks, unpowered buildings, or Contaminate may cause inaccurate times.
  • Supply counts are checked every 10 seconds.